Workbook

Sheet Auto diagnostic Cycle Achat
A1: Direction générale, Direction, Service, sous-direction ou bureau : | C1: [A remplir] | E1: Usage DPCoF uniquement | F1: Usage DPCoF uniquement | G1: Usage DPCoF uniquement
A2: Éléments du référentiel | B2: Responsable de la mise en œuvre de l'élément du référentiel | C2: Comportements et pratiques prohibées | D2: Niveau d'intégration des éléments du référentiel déclaré | E2: Intégration optimale théorique des éléments du référentiel | F2: Pondération des éléments du référentiel (DPCoF) | G2: Score d'intégration maximale théorique | H2: Score d'intégation des éléments du référentiel déclaratif | I2: Écart au référentiel (0=Totalement conforme ; 1=Absence totale de conformité) | J2: Niveau de risque de qualification d'atteinte à la probité
A3: ① Sourcing | B3: ① Sourcing | C3: ① Sourcing | D3: =SUM(D4:D14) -> 0 | E3: =SUM(E4:E14) -> 55 | F3: =SUM(F4:F14) -> 36 | G3: =E3*F3 -> 1980 | H3: =D3*F3 -> 0 | I3: =((G3-H3)/G3) -> 1 | J3: =IF(_xlfn.CONCAT(D4:D14)="","Non évalué",(IF(I3=0,"Conforme",IF(I3>=0.9,"Critique",IF(I3>=0.6,"Majeur",IF(I3>=0.3,"Mineur","Négligeable")))))) -> Non évalué
A4: I.1.1 - Communiquer de manière transparente et identique sur les besoins du pouvoir adjudicateur (réunions sur les intentions d’achats, publication de la programmation pluriannuelle des marchés). | C4: • Favoritisme – transmission d’informations privilégiées sur les attentes de l’acheteur, la consistance d’une opération ou son coût (risque d’asymétrie de l’information entre les candidats). • Corruption passive – sollicitation, acceptation d’un cadeau ou invitation (voyages, invitations à des salons) en contrepartie de l’exercice d’une influence sur les travaux préparatoires. • Prise illégale d'intérêts – intervention d’un acheteur qui a des liens d’intérêts avec l’un des opérateurs économiques sourcés et qui exerce une influence sur les travaux préparatoires. | E4: 5 | F4: 3 | G4: =E4*F4 -> 15 | H4: =D4*F4 -> 0 | I4: =((G4-H4)/G4) -> 1 | J4: =IF(D4="","Non évalué",(IF(I4=0,"Conforme",IF(I4>=0.9,"Critique",IF(I4>=0.6,"Majeur",IF(I4>=0.3,"Mineur","Négligeable")))))) -> Non évalué
A5: I.1.2 - Anticiper la programmation des marchés et effectuer le sourcing suffisamment en amont. | E5: 5 | F5: 2 | G5: =E5*F5 -> 10 | H5: =D5*F5 -> 0 | I5: =((G5-H5)/G5) -> 1 | J5: =IF(D5="","Non évalué",(IF(I5=0,"Conforme",IF(I5>=0.9,"Critique",IF(I5>=0.6,"Majeur",IF(I5>=0.3,"Mineur","Négligeable")))))) -> Non évalué
A6: I.1.3 - Sélectionner un panel d'entreprises à sourcer, en respectant les principes fondamentaux de la commande publique, en variant si possible les types d’opérateurs économiques sollicités (taille de l’entreprise ; entreprises leader, émergentes, innovantes ; …) et en contactant les organisations professionnelles ou économiques représentatives du secteur d’activités, les structures consulaires (ex : chambres de commerce et d’industrie, chambres d’artisanat, …). | E6: 5 | F6: 3 | G6: =E6*F6 -> 15 | H6: =D6*F6 -> 0 | I6: =((G6-H6)/G6) -> 1 | J6: =IF(D6="","Non évalué",(IF(I6=0,"Conforme",IF(I6>=0.9,"Critique",IF(I6>=0.6,"Majeur",IF(I6>=0.3,"Mineur","Négligeable")))))) -> Non évalué
A7: I.1.4 - Formaliser l’invitation au sourcing (invitations transmises directement aux opérateurs économiques, tirage au sort de l’ordre de passage). | E7: 5 | F7: 1 | G7: =E7*F7 -> 5 | H7: =D7*F7 -> 0 | I7: =((G7-H7)/G7) -> 1 | J7: =IF(D7="","Non évalué",(IF(I7=0,"Conforme",IF(I7>=0.9,"Critique",IF(I7>=0.6,"Majeur",IF(I7>=0.3,"Mineur","Négligeable")))))) -> Non évalué
A8: I.1.5 - Assurer la collégialité du sourcing : - Réunions internes avant l’écriture du cahier des charges avec, le cas échéant, des acteurs neutres vis-à-vis du besoin à satisfaire. - Création d’un binôme acheteur/prescripteur (notamment si la participation d’un agent est susceptible de créer une situation à risque). | E8: 5 | F8: 4 | G8: =E8*F8 -> 20 | H8: =D8*F8 -> 0 | I8: =((G8-H8)/G8) -> 1 | J8: =IF(D8="","Non évalué",(IF(I8=0,"Conforme",IF(I8>=0.9,"Critique",IF(I8>=0.6,"Majeur",IF(I8>=0.3,"Mineur","Négligeable")))))) -> Non évalué
A9: I.1.6 - Définir la participation et le rôle de chacun dans le sourcing (encadrement de la participation d’un assistant à maîtrise d’ouvrage, …). | E9: 5 | F9: 2 | G9: =E9*F9 -> 10 | H9: =D9*F9 -> 0 | I9: =((G9-H9)/G9) -> 1 | J9: =IF(D9="","Non évalué",(IF(I9=0,"Conforme",IF(I9>=0.9,"Critique",IF(I9>=0.6,"Majeur",IF(I9>=0.3,"Mineur","Négligeable")))))) -> Non évalué
A10: I.1.7 - Définir la teneur des entretiens (informations transmises aux opérateurs économiques, durée, élaboration d’une grille d’entretien, d'un questionnaire, …). | E10: 5 | F10: 4 | G10: =E10*F10 -> 20 | H10: =D10*F10 -> 0 | I10: =((G10-H10)/G10) -> 1 | J10: =IF(D10="","Non évalué",(IF(I10=0,"Conforme",IF(I10>=0.9,"Critique",IF(I10>=0.6,"Majeur",IF(I10>=0.3,"Mineur","Négligeable")))))) -> Non évalué
A11: I.1.8 - Assurer la traçabilité et la transparence des échanges (compte rendu écrit ou grille d’entretien fournisseurs) et contrôler la diffusion des informations obtenues (diffusion en interne aux personnes associées au projet). | E11: 5 | F11: 4 | G11: =E11*F11 -> 20 | H11: =D11*F11 -> 0 | I11: =((G11-H11)/G11) -> 1 | J11: =IF(D11="","Non évalué",(IF(I11=0,"Conforme",IF(I11>=0.9,"Critique",IF(I11>=0.6,"Majeur",IF(I11>=0.3,"Mineur","Négligeable")))))) -> Non évalué
A12: I.1.9 - Assurer la transparence : - publication de la programmation pluriannuelle des achats, des appels à compétence, … - traçabilité en interne des rencontres des acheteurs dans le cadre du sourcing (compte rendu, …) | E12: 5 | F12: 4 | G12: =E12*F12 -> 20 | H12: =D12*F12 -> 0 | I12: =((G12-H12)/G12) -> 1 | J12: =IF(D12="","Non évalué",(IF(I12=0,"Conforme",IF(I12>=0.9,"Critique",IF(I12>=0.6,"Majeur",IF(I12>=0.3,"Mineur","Négligeable")))))) -> Non évalué
A13: I.1.10 - Encadrer la participation à des salons, à des visites de sites de production (invitation en lien avec l’objet de l’achat), invitations (repas d’affaire, loisirs sur le temps de travail), gestion des cadeaux, repas d’affaire, … | E13: 5 | F13: 5 | G13: =E13*F13 -> 25 | H13: =D13*F13 -> 0 | I13: =((G13-H13)/G13) -> 1 | J13: =IF(D13="","Non évalué",(IF(I13=0,"Conforme",IF(I13>=0.9,"Critique",IF(I13>=0.6,"Majeur",IF(I13>=0.3,"Mineur","Négligeable")))))) -> Non évalué
A14: I.1.11 - Encadrer les tests de produits à titre "gratuit" (informatique, matériels, …). | E14: 5 | F14: 4 | G14: =E14*F14 -> 20 | H14: =D14*F14 -> 0 | I14: =((G14-H14)/G14) -> 1 | J14: =IF(D14="","Non évalué",(IF(I14=0,"Conforme",IF(I14>=0.9,"Critique",IF(I14>=0.6,"Majeur",IF(I14>=0.3,"Mineur","Négligeable")))))) -> Non évalué
A15: I.1.12 - Réaliser une évaluation des risques d'atteinte à la probité dans le cadre du marché à passer (taille des opérateurs, enjeu financier, enjeu réputationnel, enjeu opérationnel, sensibilité du secteur, degré de concurrence dans le secteur, …). | E15: 5 | F15: 3 | G15: =E15*F15 -> 15 | H15: =D15*F15 -> 0 | I15: =((G15-H15)/G15) -> 1 | J15: =IF(D15="","Non évalué",(IF(I15=0,"Conforme",IF(I15>=0.9,"Critique",IF(I15>=0.6,"Majeur",IF(I15>=0.3,"Mineur","Négligeable")))))) -> Non évalué
A16: ② Détermination du besoin | B16: ② Détermination du besoin | C16: ② Détermination du besoin | D16: =SUM(D17:D22) -> 0 | E16: =IF(SUM(E17:E22)="","",SUM(E17:E22)) -> 30 | F16: =SUM(F17:F22) -> 20 | G16: =E16*F16 -> 600 | H16: =D16*F16 -> 0 | I16: =((G16-H16)/G16) -> 1 | J16: =IF(_xlfn.CONCAT(D17:D22)="","Non évalué",(IF(I16=0,"Conforme",IF(I16>=0.9,"Critique",IF(I16>=0.6,"Majeur",IF(I16>=0.3,"Mineur","Négligeable")))))) -> Non évalué
A17: I.2.1 - Exploiter les résultats du sourcing en assurant la collégialité des travaux et la diffusion des éléments nécessaires aux personnes associées au projet pour rapprocher l’expression du besoin du marché fournisseur (compte rendu, grille d’entretien fournisseurs, …). | C17: • Favoritisme – (i) participation directe d’un opérateur économique à la rédaction du marché public lui permettant de recueillir des informations privilégiées pour son obtention | (ii) spécifications techniques sur mesure ne permettant la sélection que d’un seul opérateur économique | (iii) sous-estimation volontaire de la valeur du besoin permettant d’autoriser le recours à la négociation et ainsi privilégier une entreprise qui récupère le manque par avenants ultérieurs. • Corruption passive – sollicitation, acceptation d’un cadeau ou invitation (voyages …) dans le but d’exercer une influence sur la détermination du besoin. • Détournement de fonds publics – surévaluation du besoin dans le cahier des charges génère une manne financière née de l’écart entre les réalisations réelles et le montant du marché qui est versée à l’agent par l’attributaire, ou d’une appréciation délibérément faussée des coûts estimés ou de la marge d’erreur. • Prise illégale d'intérêts – intervention d’un acheteur qui a des liens d’intérêts avec l’un des opérateurs économiques sourcés et qui exerce une influence sur les travaux préparatoires du marché. | E17: 5 | F17: 4 | G17: =E17*F17 -> 20 | H17: =D17*F17 -> 0 | I17: =((G17-H17)/G17) -> 1 | J17: =IF(D17="","Non évalué",(IF(I17=0,"Conforme",IF(I17>=0.9,"Critique",IF(I17>=0.6,"Majeur",IF(I17>=0.3,"Mineur","Négligeable")))))) -> Non évalué
A18: I.2.2 - Favoriser le parangonnage sur le même type d’achat par des acteurs similaires afin d’objectiver le besoin au-delà des suggestions résultant des opérateurs économiques "sourcés". | E18: 5 | F18: 2 | G18: =E18*F18 -> 10 | H18: =D18*F18 -> 0 | I18: =((G18-H18)/G18) -> 1 | J18: =IF(D18="","Non évalué",(IF(I18=0,"Conforme",IF(I18>=0.9,"Critique",IF(I18>=0.6,"Majeur",IF(I18>=0.3,"Mineur","Négligeable")))))) -> Non évalué
A19: I.2.3 - Valoriser l’expression des besoins en termes de performance ou d’exigences fonctionnelles. | E19: 5 | F19: 2 | G19: =E19*F19 -> 10 | H19: =D19*F19 -> 0 | I19: =((G19-H19)/G19) -> 1 | J19: =IF(D19="","Non évalué",(IF(I19=0,"Conforme",IF(I19>=0.9,"Critique",IF(I19>=0.6,"Majeur",IF(I19>=0.3,"Mineur","Négligeable")))))) -> Non évalué
A20: I.2.4 - Vérifier le lien et la proportionnalité entre les besoins exprimés ainsi que : - les conditions relatives aux capacités techniques, professionnelles, économiques et financières éventuellement exigées des opérateurs économiques ; - les critères d’attribution afin d’éviter que la définition du besoin ne soit faite de manière à avantager un fournisseur potentiel. | E20: 5 | F20: 4 | G20: =E20*F20 -> 20 | H20: =D20*F20 -> 0 | I20: =((G20-H20)/G20) -> 1 | J20: =IF(D20="","Non évalué",(IF(I20=0,"Conforme",IF(I20>=0.9,"Critique",IF(I20>=0.6,"Majeur",IF(I20>=0.3,"Mineur","Négligeable")))))) -> Non évalué
A21: I.2.5 - Contrôler la neutralité des spécifications techniques et/ou fonctionnelles (y compris lorsqu’un acteur économique extérieur est en charge de l’assistance à la détermination du besoin). | E21: 5 | F21: 5 | G21: =E21*F21 -> 25 | H21: =D21*F21 -> 0 | I21: =((G21-H21)/G21) -> 1 | J21: =IF(D21="","Non évalué",(IF(I21=0,"Conforme",IF(I21>=0.9,"Critique",IF(I21>=0.6,"Majeur",IF(I21>=0.3,"Mineur","Négligeable")))))) -> Non évalué
A22: I.2.6 - Contrôler systématiquement la cohérence entre le projet et l’évaluation financière qui en découle (en lien notamment avec le sourcing opéré). | E22: 5 | F22: 3 | G22: =E22*F22 -> 15 | H22: =D22*F22 -> 0 | I22: =((G22-H22)/G22) -> 1 | J22: =IF(D22="","Non évalué",(IF(I22=0,"Conforme",IF(I22>=0.9,"Critique",IF(I22>=0.6,"Majeur",IF(I22>=0.3,"Mineur","Négligeable")))))) -> Non évalué
A23: ③ Détermination de la procédure | B23: ③ Détermination de la procédure | C23: ③ Détermination de la procédure | D23: =SUM(D24:D38) -> 0 | E23: =SUM(E24:E38) -> 75 | F23: =SUM(F24:F38) -> 44 | G23: =E23*F23 -> 3300 | H23: =D23*F23 -> 0 | I23: =((G23-H23)/G23) -> 1 | J23: =IF(_xlfn.CONCAT(D24:D38)="","Non évalué",(IF(I23=0,"Conforme",IF(I23>=0.9,"Critique",IF(I23>=0.6,"Majeur",IF(I23>=0.3,"Mineur","Négligeable")))))) -> Non évalué
A24: I.3.1 - Assurer la collégialité de la décision pour assurer la transparence du choix de la procédure, notamment pour le recours aux marchés passés sans publicité ni mise en concurrence préalables, dialogues compétitifs, procédures avec négociation. | C24: • Favoritisme – (i) détournement de procédure (recours abusif aux procédures sans publicité ni mise en concurrence, à la procédure avec négociation, au dialogue compétitif, …) | (ii) fractionnement artificiel ("saucissonnage") des besoins en vue de favoriser un fournisseur (notamment pour les besoins de faible montant) | (iii) en cas d’allotissement, mauvaise qualification des lots ou défaut d’allotissement destiné à permettre à une société déterminée de soumissionner | (iv) recours injustifié à l’urgence | (v) organisation d’une mise en concurrence fictive pour régulariser la passation d’un marché en réalité déjà attribué et réalisé de manière dissimulée. • Prise illégale d'intérêts – participation directe d’un opérateur économique potentiellement candidat (assistant à maîtrise d’ouvrage [AMO], maître d’œuvre [MOE]) à la rédaction du marché. Sont notamment prohibés : - l’élaboration conjointe avec un fournisseur du cahier des charges ; - l’insertion de clauses favorables à certains fournisseurs ; - la mention de marques, labels dans le cahier des charges (sauf si elle est justifiée par l’objet du marché ou, à titre exceptionnel, dans le cas où une description suffisamment précise et intelligible de l’objet du marché n’est pas possible sans elle et à la condition qu’elle soit accompagnée des termes : "ou équivalent") ; - le cahier des charges reprenant l’offre commerciale, un descriptif technique, ou des modalités propres à un opérateur économique ; - l’exigence de niveaux minimums de capacité disproportionnés par rapport à l’importance du marché ou sans lien avec son objet (par exemple le chiffre d’affaires demandé est trop élevé, les certificats de qualification exigés sont surévalués) ; - le choix de critères conduisant à favoriser des entreprises locales ou défavoriser des entreprises étrangères ; - le choix de critères au contenu trop flou ; - le choix de critères de sélection des offres sans lien avec l’objet du marché. | E24: 5 | F24: 2 | G24: =E24*F24 -> 10 | H24: =D24*F24 -> 0 | I24: =((G24-H24)/G24) -> 1 | J24: =IF(D24="","Non évalué",(IF(I24=0,"Conforme",IF(I24>=0.9,"Critique",IF(I24>=0.6,"Majeur",IF(I24>=0.3,"Mineur","Négligeable")))))) -> Non évalué
A25: I.3.2 - Assurer la traçabilité de la justification du choix de la procédure de passation (ex : rapport de présentation lorsque celui-ci est à produire). Vérifier la formalisation interne du choix entre procédure adaptée et procédure formalisée. | E25: 5 | F25: 4 | G25: =E25*F25 -> 20 | H25: =D25*F25 -> 0 | I25: =((G25-H25)/G25) -> 1 | J25: =IF(D25="","Non évalué",(IF(I25=0,"Conforme",IF(I25>=0.9,"Critique",IF(I25>=0.6,"Majeur",IF(I25>=0.3,"Mineur","Négligeable")))))) -> Non évalué
A26: I.3.3 - Établir un processus d’information et de validation du choix de la procédure par les acteurs concernés (autorité hiérarchique, service de la commande publique, instance décisionnelle, …), établir un processus de gestion des achats de faible montant. | E26: 5 | F26: 4 | G26: =E26*F26 -> 20 | H26: =D26*F26 -> 0 | I26: =((G26-H26)/G26) -> 1 | J26: =IF(D26="","Non évalué",(IF(I26=0,"Conforme",IF(I26>=0.9,"Critique",IF(I26>=0.6,"Majeur",IF(I26>=0.3,"Mineur","Négligeable")))))) -> Non évalué
A27: I.3.4 - S'assurer de la correcte computation des seuils de procédure (nomenclature achat, programmation, cartographie des achats, …) | E27: 5 | F27: 3 | G27: =E27*F27 -> 15 | H27: =D27*F27 -> 0 | I27: =((G27-H27)/G27) -> 1 | J27: =IF(D27="","Non évalué",(IF(I27=0,"Conforme",IF(I27>=0.9,"Critique",IF(I27>=0.6,"Majeur",IF(I27>=0.3,"Mineur","Négligeable")))))) -> Non évalué
A28: I.3.5 - Centraliser le suivi des achats afin d'éviter le "saucissonnage" et de respecter les obligations contractuelles existantes. | E28: 5 | F28: 3 | G28: =E28*F28 -> 15 | H28: =D28*F28 -> 0 | I28: =((G28-H28)/G28) -> 1 | J28: =IF(D28="","Non évalué",(IF(I28=0,"Conforme",IF(I28>=0.9,"Critique",IF(I28>=0.6,"Majeur",IF(I28>=0.3,"Mineur","Négligeable")))))) -> Non évalué
A29: I.3.6 - Vérifier la formalisation par le service des niveaux de seuil dans un tableau synthétique, ainsi que l’attention portée à la publicité lorsque son support n’est pas défini de manière réglementaire. | E29: 5 | F29: 2 | G29: =E29*F29 -> 10 | H29: =D29*F29 -> 0 | I29: =((G29-H29)/G29) -> 1 | J29: =IF(D29="","Non évalué",(IF(I29=0,"Conforme",IF(I29>=0.9,"Critique",IF(I29>=0.6,"Majeur",IF(I29>=0.3,"Mineur","Négligeable")))))) -> Non évalué
A30: I.3.7 - Pour les procédures ouvrant droit à la négociation, vérifier que le recours à la négociation est autorisé et motivé, au regard du code de la commande publique (ex : justifier du recours à la procédure avec négociation lorsque, suite à un appel d’offres, seules des offres irrégulières ou inacceptables sont présentées). | E30: 5 | F30: 3 | G30: =E30*F30 -> 15 | H30: =D30*F30 -> 0 | I30: =((G30-H30)/G30) -> 1 | J30: =IF(D30="","Non évalué",(IF(I30=0,"Conforme",IF(I30>=0.9,"Critique",IF(I30>=0.6,"Majeur",IF(I30>=0.3,"Mineur","Négligeable")))))) -> Non évalué
A31: I.3.8 - Contrôler la justification et la pertinence des critères d’attribution associés à une procédure afin d’éviter tout risque de contournement (développement durable, emploi de travailleurs handicapés ou de personnes défavorisées, recours à un éco-label, ...). | E31: 5 | F31: 5 | G31: =E31*F31 -> 25 | H31: =D31*F31 -> 0 | I31: =((G31-H31)/G31) -> 1 | J31: =IF(D31="","Non évalué",(IF(I31=0,"Conforme",IF(I31>=0.9,"Critique",IF(I31>=0.6,"Majeur",IF(I31>=0.3,"Mineur","Négligeable")))))) -> Non évalué
A32: I.3.9 - Définir des jalons de procédure tenant compte des délais de traitement et de publicité | E32: 5 | F32: 2 | G32: =E32*F32 -> 10 | H32: =D32*F32 -> 0 | I32: =((G32-H32)/G32) -> 1 | J32: =IF(D32="","Non évalué",(IF(I32=0,"Conforme",IF(I32>=0.9,"Critique",IF(I32>=0.6,"Majeur",IF(I32>=0.3,"Mineur","Négligeable")))))) -> Non évalué
A33: I.3.10 - Vérifier les opportunités de standardisation de besoins proches, avec une attention particulière aux achats effectués hors programmation et aux procédures d’arbitrages d’achats. | E33: 5 | F33: 2 | G33: =E33*F33 -> 10 | H33: =D33*F33 -> 0 | I33: =((G33-H33)/G33) -> 1 | J33: =IF(D33="","Non évalué",(IF(I33=0,"Conforme",IF(I33>=0.9,"Critique",IF(I33>=0.6,"Majeur",IF(I33>=0.3,"Mineur","Négligeable")))))) -> Non évalué
A34: I.3.11 - Évaluer les écarts entre la programmation budgétaire et la programmation des achats, repérer les opérations pour lesquelles l’écart est significatif, étudier les justifications afférentes. | E34: 5 | F34: 1 | G34: =E34*F34 -> 5 | H34: =D34*F34 -> 0 | I34: =((G34-H34)/G34) -> 1 | J34: =IF(D34="","Non évalué",(IF(I34=0,"Conforme",IF(I34>=0.9,"Critique",IF(I34>=0.6,"Majeur",IF(I34>=0.3,"Mineur","Négligeable")))))) -> Non évalué
A35: I.3.12 - Vérifier la justification du recours à des procédures dérogatoires (ex : recours systématique à la procédure d’urgence faute d’anticipation de certains achats). | E35: 5 | F35: 3 | G35: =E35*F35 -> 15 | H35: =D35*F35 -> 0 | I35: =((G35-H35)/G35) -> 1 | J35: =IF(D35="","Non évalué",(IF(I35=0,"Conforme",IF(I35>=0.9,"Critique",IF(I35>=0.6,"Majeur",IF(I35>=0.3,"Mineur","Négligeable")))))) -> Non évalué
A36: I.3.13 - Marchés passés sans publicité ni mise en concurrence préalables (urgence impérieuse, existence de droits d’exclusivité, …). | E36: 5 | F36: 4 | G36: =E36*F36 -> 20 | H36: =D36*F36 -> 0 | I36: =((G36-H36)/G36) -> 1 | J36: =IF(D36="","Non évalué",(IF(I36=0,"Conforme",IF(I36>=0.9,"Critique",IF(I36>=0.6,"Majeur",IF(I36>=0.3,"Mineur","Négligeable")))))) -> Non évalué
... A39: I.3.16 - Mettre en place une procédure d'évaluation des potentiels risques de conflits d'intérêts au moment de l'analyse des candidatures, analyse des offres, attribution du marché, signature du marché, et suivi de son exécution (cf. guide ministériel sur les conflits d'intérêt). | E39: 5 | F39: 4 | G39: =E39*F39 -> 20 | H39: =D39*F39 -> 0 | I39: =((G39-H39)/G39) -> 1 | J39: =IF(D39="","Non évalué",(IF(I39=0,"Conforme",IF(I39>=0.9,"Critique",IF(I39>=0.6,"Majeur",IF(I39>=0.3,"Mineur","Négligeable")))))) -> Non évalué
A40: ④ Contenu des pièces administratives, techniques et financières | B40: ④ Contenu des pièces administratives, techniques et financières | C40: ④ Contenu des pièces administratives, techniques et financières | D40: =SUM(D41:D50) -> 0 | E40: =SUM(E41:E50) -> 50 | F40: =SUM(F41:F50) -> 29 | G40: =E40*F40 -> 1450 | H40: =D40*F40 -> 0 | I40: =((G40-H40)/G40) -> 1 | J40: =IF(_xlfn.CONCAT(D41:D50)="","Non évalué",(IF(I40=0,"Conforme",IF(I40>=0.9,"Critique",IF(I40>=0.6,"Majeur",IF(I40>=0.3,"Mineur","Négligeable")))))) -> Non évalué
A41: I.4.1 - Assurer la collégialité dans la rédaction et la relecture des pièces du dossier de consultation. | C41: • Favoritisme – (i) recours abusif aux critères sociaux et environnementaux, afin notamment d’exclure les opérateurs éloignés géographiquement | (ii) recours injustifié à des marques, labels, spécifications techniques, ou conditions d’exécution spécieuses dans le but d’avantager un opérateur économique | (iii) exigences disproportionnées en matière de capacités techniques, professionnelles et financières | (iv) détermination d’une pondération des critères favorisant indûment un candidat. | E41: 5 | F41: 4 | G41: =E41*F41 -> 20 | H41: =D41*F41 -> 0 | I41: =((G41-H41)/G41) -> 1 | J41: =IF(D41="","Non évalué",(IF(I41=0,"Conforme",IF(I41>=0.9,"Critique",IF(I41>=0.6,"Majeur",IF(I41>=0.3,"Mineur","Négligeable")))))) -> Non évalué
A42: I.4.2 - Interdiction d’associer un opérateur économique (hors AMO, MOE participant à l’achat) à la relecture ou la rédaction du cahier des charges. | E42: 5 | F42: 5 | G42: =E42*F42 -> 25 | H42: =D42*F42 -> 0 | I42: =((G42-H42)/G42) -> 1 | J42: =IF(D42="","Non évalué",(IF(I42=0,"Conforme",IF(I42>=0.9,"Critique",IF(I42>=0.6,"Majeur",IF(I42>=0.3,"Mineur","Négligeable")))))) -> Non évalué
A43: I.4.3 - Faire référence dans le dossier de consultation à la politique anticorruption de l’entité (ex : lien hypertexte renvoyant aux informations communiquées via le site institutionnel). | E43: 5 | F43: 1 | G43: =E43*F43 -> 5 | H43: =D43*F43 -> 0 | I43: =((G43-H43)/G43) -> 1 | J43: =IF(D43="","Non évalué",(IF(I43=0,"Conforme",IF(I43>=0.9,"Critique",IF(I43>=0.6,"Majeur",IF(I43>=0.3,"Mineur","Négligeable")))))) -> Non évalué
A44: I.4.4 - Privilégier l’utilisation de documents types normalisés, utiliser des logiciels d’aide à la rédaction. | E44: 5 | F44: 3 | G44: =E44*F44 -> 15 | H44: =D44*F44 -> 0 | I44: =((G44-H44)/G44) -> 1 | J44: =IF(D44="","Non évalué",(IF(I44=0,"Conforme",IF(I44>=0.9,"Critique",IF(I44>=0.6,"Majeur",IF(I44>=0.3,"Mineur","Négligeable")))))) -> Non évalué
A45: I.4.5 - Pour les segments d'achat majeurs, établir un guide de bonnes pratiques du choix des critères. | E45: 5 | F45: 1 | G45: =E45*F45 -> 5 | H45: =D45*F45 -> 0 | I45: =((G45-H45)/G45) -> 1 | J45: =IF(D45="","Non évalué",(IF(I45=0,"Conforme",IF(I45>=0.9,"Critique",IF(I45>=0.6,"Majeur",IF(I45>=0.3,"Mineur","Négligeable")))))) -> Non évalué
A46: I.4.6 - Vérifier la neutralité et la cohérence des pièces administratives, techniques et financières (vigilance sur les marques, labels ; critères de sélection des candidatures et des offres ; bordereau des prix ; décomposition du prix global et forfaitaire ; …). | E46: 5 | F46: 5 | G46: =E46*F46 -> 25 | H46: =D46*F46 -> 0 | I46: =((G46-H46)/G46) -> 1 | J46: =IF(D46="","Non évalué",(IF(I46=0,"Conforme",IF(I46>=0.9,"Critique",IF(I46>=0.6,"Majeur",IF(I46>=0.3,"Mineur","Négligeable")))))) -> Non évalué
A47: I.4.7 - Vérifier la clarté des critères de sélection des candidatures et des offres. | E47: 5 | F47: 4 | G47: =E47*F47 -> 20 | H47: =D47*F47 -> 0 | I47: =((G47-H47)/G47) -> 1 | J47: =IF(D47="","Non évalué",(IF(I47=0,"Conforme",IF(I47>=0.9,"Critique",IF(I47>=0.6,"Majeur",IF(I47>=0.3,"Mineur","Négligeable")))))) -> Non évalué
A48: I.4.8 - Vérifier la licéité du recours à des prix provisoires (doit rester exceptionnel). | E48: 5 | F48: 2 | G48: =E48*F48 -> 10 | H48: =D48*F48 -> 0 | I48: =((G48-H48)/G48) -> 1 | J48: =IF(D48="","Non évalué",(IF(I48=0,"Conforme",IF(I48>=0.9,"Critique",IF(I48>=0.6,"Majeur",IF(I48>=0.3,"Mineur","Négligeable")))))) -> Non évalué
A49: I.4.9 - Veiller à ce que le niveau d’information communiqué aux candidats dans le cadre de la mise en concurrence ne soit pas inférieur à ce qui a été abordé lors du sourcing. | E49: 5 | F49: 3 | G49: =E49*F49 -> 15 | H49: =D49*F49 -> 0 | I49: =((G49-H49)/G49) -> 1 | J49: =IF(D49="","Non évalué",(IF(I49=0,"Conforme",IF(I49>=0.9,"Critique",IF(I49>=0.6,"Majeur",IF(I49>=0.3,"Mineur","Négligeable")))))) -> Non évalué
A50: I.4.10 - A posteriori, évaluer la qualité du dossier de consultation (via par exemple : ratio de dossiers retirés et d'offres remises ; nombre de demandes de précision, nombre d'offres incomplètes, irrégulières ou inappropriées ; évaluation de la qualité de satisfaction au regard du besoin exprimé). | E50: 5 | F50: 1 | G50: =E50*F50 -> 5 | H50: =D50*F50 -> 0 | I50: =((G50-H50)/G50) -> 1 | J50: =IF(D50="","Non évalué",(IF(I50=0,"Conforme",IF(I50>=0.9,"Critique",IF(I50>=0.6,"Majeur",IF(I50>=0.3,"Mineur","Négligeable")))))) -> Non évalué
A51: I.4.11 - Intégrer l'ensemble des documents autorisés par la réglementation permettant d'évaluer l'intégrité des futurs titulaires, co-traitants et sous-traitants (déclaration sur l'honneur d'aucune exclusion de plein droit de candidature à un marché, questionnaire portant sur le contenu de ses dispositifs de prévention et de détection des atteintes à la probité, plan vigilance et bilan carbone si éligible). | E51: 5 | F51: 3 | G51: =E51*F51 -> 15 | H51: =D51*F51 -> 0 | I51: =((G51-H51)/G51) -> 1 | J51: =IF(D51="","Non évalué",(IF(I51=0,"Conforme",IF(I51>=0.9,"Critique",IF(I51>=0.6,"Majeur",IF(I51>=0.3,"Mineur","Négligeable")))))) -> Non évalué
A52: ⑤ Mesures de publicité et de remise des plis | B52: ⑤ Mesures de publicité et de remise des plis | C52: ⑤ Mesures de publicité et de remise des plis | D52: =SUM(D53:D58) -> 0 | E52: =SUM(E53:E58) -> 30 | F52: =SUM(F53:F58) -> 14 | G52: =E52*F52 -> 420 | H52: =D52*F52 -> 0 | I52: =((G52-H52)/G52) -> 1 | J52: =IF(_xlfn.CONCAT(D53:D58)="","Non évalué",(IF(I52=0,"Conforme",IF(I52>=0.9,"Critique",IF(I52>=0.6,"Majeur",IF(I52>=0.3,"Mineur","Négligeable")))))) -> Non évalué
A53: II.1.1 - Établir une programmation des marchés pour éviter les périodes susceptibles de restreindre artificiellement la concurrence (périodes de congés ou de forte activité pour les opérateurs économiques). | C53: • Favoritisme – (i) organisation d’une infructuosité (délais de publicité trop courts, utilisation de supports de publication de faible audience, …) | (ii) acceptation d’un pli arrivé hors délai pour avantager le candidat pressenti. | E53: 5 | F53: 1 | G53: =E53*F53 -> 5 | H53: =D53*F53 -> 0 | I53: =((G53-H53)/G53) -> 1 | J53: =IF(D53="","Non évalué",(IF(I53=0,"Conforme",IF(I53>=0.9,"Critique",IF(I53>=0.6,"Majeur",IF(I53>=0.3,"Mineur","Négligeable")))))) -> Non évalué
A54: II.1.2 - Assurer la meilleure audience possible notamment lorsque les modalités de publicité sont laissées au libre choix de l’acheteur (choix d’un support adapté, sollicitation de plusieurs devis pour les achats de faible montant, …). | E54: 5 | F54: 3 | G54: =E54*F54 -> 15 | H54: =D54*F54 -> 0 | I54: =((G54-H54)/G54) -> 1 | J54: =IF(D54="","Non évalué",(IF(I54=0,"Conforme",IF(I54>=0.9,"Critique",IF(I54>=0.6,"Majeur",IF(I54>=0.3,"Mineur","Négligeable")))))) -> Non évalué
A55: II.1.3 - Centraliser la transmission des avis d’appel à la concurrence et la réception de plis sur support physique (copie de sauvegarde, présentation de maquettes, …) afin d’assurer l’homogénéité des pratiques et ainsi l’égalité de traitement entre les opérateurs économiques. | E55: 5 | F55: 3 | G55: =E55*F55 -> 15 | H55: =D55*F55 -> 0 | I55: =((G55-H55)/G55) -> 1 | J55: =IF(D55="","Non évalué",(IF(I55=0,"Conforme",IF(I55>=0.9,"Critique",IF(I55>=0.6,"Majeur",IF(I55>=0.3,"Mineur","Négligeable")))))) -> Non évalué
A56: II.1.4 - Informer des voies de recours relatives à la décision d’attribution du marché. | E56: 5 | F56: 1 | G56: =E56*F56 -> 5 | H56: =D56*F56 -> 0 | I56: =((G56-H56)/G56) -> 1 | J56: =IF(D56="","Non évalué",(IF(I56=0,"Conforme",IF(I56>=0.9,"Critique",IF(I56>=0.6,"Majeur",IF(I56>=0.3,"Mineur","Négligeable")))))) -> Non évalué
A57: II.1.5 - Vérifier l’efficacité des mesures de publicité en contrôlant notamment le nombre de retraits et la durée de la période de publicité (adaptation à la complexité du besoin et de la réponse attendue). | E57: 5 | F57: 2 | G57: =E57*F57 -> 10 | H57: =D57*F57 -> 0 | I57: =((G57-H57)/G57) -> 1 | J57: =IF(D57="","Non évalué",(IF(I57=0,"Conforme",IF(I57>=0.9,"Critique",IF(I57>=0.6,"Majeur",IF(I57>=0.3,"Mineur","Négligeable")))))) -> Non évalué
A58: II.1.6 - Contrôler le respect de la date limite de remise des plis et garantir l’intégrité et le recensement des plis (fichier de dépôt des plis), vérifier le respect des dates liées à la procédure grâce au profil d’acheteur (ex : PLACE). | E58: 5 | F58: 4 | G58: =E58*F58 -> 20 | H58: =D58*F58 -> 0 | I58: =((G58-H58)/G58) -> 1 | J58: =IF(D58="","Non évalué",(IF(I58=0,"Conforme",IF(I58>=0.9,"Critique",IF(I58>=0.6,"Majeur",IF(I58>=0.3,"Mineur","Négligeable")))))) -> Non évalué
A59: ⑥ Communication et échanges durant la phase de passation | B59: ⑥ Communication et échanges durant la phase de passation | C59: ⑥ Communication et échanges durant la phase de passation | D59: =SUM(D60:D65) -> 0 | E59: =SUM(E60:E65) -> 30 | F59: =SUM(F60:F65) -> 24 | G59: =E59*F59 -> 720 | H59: =D59*F59 -> 0 | I59: =((G59-H59)/G59) -> 1 | J59: =IF(_xlfn.CONCAT(D60:D65)="","Non évalué",(IF(I59=0,"Conforme",IF(I59>=0.9,"Critique",IF(I59>=0.6,"Majeur",IF(I59>=0.3,"Mineur","Négligeable")))))) -> Non évalué
A60: II.2.1 - Centraliser les échanges par l'intermédiaire d'un pôle référent (ex : service des marchés publics, bureau de la commande publique) et sur un même outil (profil d’acheteur). | C60: • Favoritisme – (i) transmission d’informations privilégiées à un opérateur économique durant la phase de passation dans la perspective de lui attribuer le marché concerné | (ii) absence de contrôle par des services du pouvoir adjudicateur (ex. : service des marchés publics, direction de la commande publique) des informations transmises aux opérateurs économiques (candidats, soumissionnaires). | E60: 5 | F60: 2 | G60: =E60*F60 -> 10 | H60: =D60*F60 -> 0 | I60: =((G60-H60)/G60) -> 1 | J60: =IF(D60="","Non évalué",(IF(I60=0,"Conforme",IF(I60>=0.9,"Critique",IF(I60>=0.6,"Majeur",IF(I60>=0.3,"Mineur","Négligeable")))))) -> Non évalué
A61: II.2.2 - Encadrer les échanges avec les opérateurs économiques : - renvoi vers le profil d’acheteur pour les questions ou les demandes de précision (vérifier que les questions ou demandes de précisions des candidats apparaissent sur le profil acheteur, particulièrement en situation de renouvellement du marché, en raison du risque d’asymétrie de l’information au profit du titulaire actuel du marché) ; - limitation des contacts à ce qui a été prévu dans la consultation (ex : en cas de visites de site de l’acheteur durant la phase de publicité, en cas d’auditions dans le cadre d’un dialogue compétitif). | E61: 5 | F61: 5 | G61: =E61*F61 -> 25 | H61: =D61*F61 -> 0 | I61: =((G61-H61)/G61) -> 1 | J61: =IF(D61="","Non évalué",(IF(I61=0,"Conforme",IF(I61>=0.9,"Critique",IF(I61>=0.6,"Majeur",IF(I61>=0.3,"Mineur","Négligeable")))))) -> Non évalué
A62: II.2.3 - Assurer la traçabilité et la diffusion des échanges aux opérateurs économiques (ex : questions, réponses durant la période de publicité). | E62: 5 | F62: 4 | G62: =E62*F62 -> 20 | H62: =D62*F62 -> 0 | I62: =((G62-H62)/G62) -> 1 | J62: =IF(D62="","Non évalué",(IF(I62=0,"Conforme",IF(I62>=0.9,"Critique",IF(I62>=0.6,"Majeur",IF(I62>=0.3,"Mineur","Négligeable")))))) -> Non évalué
A63: II.2.4 - Assurer un niveau d’information similaire entre opérateurs économiques (ex : demandes de précisions, visites de sites, négociations, …). | E63: 5 | F63: 5 | G63: =E63*F63 -> 25 | H63: =D63*F63 -> 0 | I63: =((G63-H63)/G63) -> 1 | J63: =IF(D63="","Non évalué",(IF(I63=0,"Conforme",IF(I63>=0.9,"Critique",IF(I63>=0.6,"Majeur",IF(I63>=0.3,"Mineur","Négligeable")))))) -> Non évalué
A64: II.2.5 - Assurer une information équivalente entre le titulaire du marché en cours et les autres candidats. | E64: 5 | F64: 5 | G64: =E64*F64 -> 25 | H64: =D64*F64 -> 0 | I64: =((G64-H64)/G64) -> 1 | J64: =IF(D64="","Non évalué",(IF(I64=0,"Conforme",IF(I64>=0.9,"Critique",IF(I64>=0.6,"Majeur",IF(I64>=0.3,"Mineur","Négligeable")))))) -> Non évalué
A65: II.2.6 - Organiser la transparence des informations aux candidats évincés (lettres de rejet, demandes de communication par les candidats ou soumissionnaires) ou concernés par une déclaration sans suite. | E65: 5 | F65: 3 | G65: =E65*F65 -> 15 | H65: =D65*F65 -> 0 | I65: =((G65-H65)/G65) -> 1 | J65: =IF(D65="","Non évalué",(IF(I65=0,"Conforme",IF(I65>=0.9,"Critique",IF(I65>=0.6,"Majeur",IF(I65>=0.3,"Mineur","Négligeable")))))) -> Non évalué
A66: ⑦ Analyse des candidatures | B66: ⑦ Analyse des candidatures | C66: ⑦ Analyse des candidatures | D66: =SUM(D67:D71) -> 0 | E66: =SUM(E67:E71) -> 25 | F66: =SUM(F67:F71) -> 18 | G66: =E66*F66 -> 450 | H66: =D66*F66 -> 0 | I66: =((G66-H66)/G66) -> 1 | J66: =IF(_xlfn.CONCAT(D67:D71)="","Non évalué",(IF(I66=0,"Conforme",IF(I66>=0.9,"Critique",IF(I66>=0.6,"Majeur",IF(I66>=0.3,"Mineur","Négligeable")))))) -> Non évalué
A67: II.3.1 - Assurer la collégialité de l’analyse pour faciliter les contrôles croisés et organiser un processus de validation de celle-ci (dialogue prescripteur/acheteur). Effectuer une double lecture du rapport d’analyse des candidatures. | C67: • Favoritisme – (i) exclusion injustifiée de candidats qualifiés (jugement partial des capacités techniques, professionnelles, économiques et financières) | (ii) non application des critères de sélection des candidatures afin d’avantager un candidat (ajout ou suppression de critères en cours d’analyse). • Corruption passive – perception d’un avantage par un agent public pour offrir à l’un des candidats un avantage indu (délai supplémentaire, évaluation indûment positive …). • Prise illégale d'intérêts – (i) intervention dans l’analyse des candidatures d’un agent public en situation de conflit d’intérêts avec l’un des candidats | (ii) participation d’un salarié de l’AMO à l’analyse des candidatures d’un marché public alors qu’il était anciennement salarié d’une entreprise soumissionnaire. | E67: 5 | F67: 4 | G67: =E67*F67 -> 20 | H67: =D67*F67 -> 0 | I67: =((G67-H67)/G67) -> 1 | J67: =IF(D67="","Non évalué",(IF(I67=0,"Conforme",IF(I67>=0.9,"Critique",IF(I67>=0.6,"Majeur",IF(I67>=0.3,"Mineur","Négligeable")))))) -> Non évalué
A68: II.3.2 - Si la situation l’exige, possibilité d’anonymiser les candidatures avant communication aux services en charge de l’analyse. | E68: 5 | F68: 3 | G68: =E68*F68 -> 15 | H68: =D68*F68 -> 0 | I68: =((G68-H68)/G68) -> 1 | J68: =IF(D68="","Non évalué",(IF(I68=0,"Conforme",IF(I68>=0.9,"Critique",IF(I68>=0.6,"Majeur",IF(I68>=0.3,"Mineur","Négligeable")))))) -> Non évalué
A69: II.3.3 - Assurer la traçabilité des vérifications opérées et des documents demandés (contrôle des pièces demandées dans le règlement de la consultation, des compléments apportés par les candidats, …). | E69: 5 | F69: 3 | G69: =E69*F69 -> 15 | H69: =D69*F69 -> 0 | I69: =((G69-H69)/G69) -> 1 | J69: =IF(D69="","Non évalué",(IF(I69=0,"Conforme",IF(I69>=0.9,"Critique",IF(I69>=0.6,"Majeur",IF(I69>=0.3,"Mineur","Négligeable")))))) -> Non évalué
A70: II.3.4 - Assurer la traçabilité et la justification de l’analyse des candidatures (notamment en cas de rejet de candidatures). | E70: 5 | F70: 4 | G70: =E70*F70 -> 20 | H70: =D70*F70 -> 0 | I70: =((G70-H70)/G70) -> 1 | J70: =IF(D70="","Non évalué",(IF(I70=0,"Conforme",IF(I70>=0.9,"Critique",IF(I70>=0.6,"Majeur",IF(I70>=0.3,"Mineur","Négligeable")))))) -> Non évalué
A71: II.3.5 - Vérifier l’existence d’une échelle de notation, ainsi que de tableaux de critères pré-formatés (afin d’éviter leur adaptation a posteriori). | E71: 5 | F71: 4 | G71: =E71*F71 -> 20 | H71: =D71*F71 -> 0 | I71: =((G71-H71)/G71) -> 1 | J71: =IF(D71="","Non évalué",(IF(I71=0,"Conforme",IF(I71>=0.9,"Critique",IF(I71>=0.6,"Majeur",IF(I71>=0.3,"Mineur","Négligeable")))))) -> Non évalué
A72: II.3.6 - Vérifier que les candidats, co-traitants et sous-traitants ne sont pas soumis à une cause d'exclusion de droit (L.2141-1 à L.2141-6-1 et L3123-1 à L3123-6-1 du code de la commande publique). | E72: 5 | F72: 5 | G72: =E72*F72 -> 25 | H72: =D72*F72 -> 0 | I72: =((G72-H72)/G72) -> 1 | J72: =IF(D72="","Non évalué",(IF(I72=0,"Conforme",IF(I72>=0.9,"Critique",IF(I72>=0.6,"Majeur",IF(I72>=0.3,"Mineur","Négligeable")))))) -> Non évalué
A73: II.3.7 - Vérifier que les candidats, co-traitants et sous-traitants ne puissent pas être exclus en raison de motifs laissés à l'appréciation du pouvoir adjudicateur (L.2141-7 à L.2141-11 et L3123-7 à L3123-11 du code de la commande publique). Réaliser des entretiens contradictoires en tant que besoin. | E73: 5 | F73: 3 | G73: =E73*F73 -> 15 | H73: =D73*F73 -> 0 | I73: =((G73-H73)/G73) -> 1 | J73: =IF(D73="","Non évalué",(IF(I73=0,"Conforme",IF(I73>=0.9,"Critique",IF(I73>=0.6,"Majeur",IF(I73>=0.3,"Mineur","Négligeable")))))) -> Non évalué
A74: ⑧ Analyse des offres | B74: ⑧ Analyse des offres | C74: ⑧ Analyse des offres | D74: =SUM(D75:D93) -> 0 | E74: =SUM(E75:E93) -> 125 | F74: =SUM(F75:F93) -> 94 | G74: =E74*F74 -> 11750 | H74: =D74*F74 -> 0 | I74: =((G74-H74)/G74) -> 1 | J74: =IF(_xlfn.CONCAT(D75:D85)="","Non évalué",(IF(I74=0,"Conforme",IF(I74>=0.9,"Critique",IF(I74>=0.6,"Majeur",IF(I74>=0.3,"Mineur","Négligeable")))))) -> Non évalué
A75: II.4.1 - Assurer la collégialité de l’analyse et de la notation des offres pour faciliter les contrôles croisés (dialogue entre prescripteurs et acheteurs) et organiser un processus de validation de l’analyse. Effectuer une double lecture du rapport d’analyse des offres. | C75: • Favoritisme – (i) modification injustifiée du rapport d’analyse des offres pour avantager un soumissionnaire | (ii) manipulation de la notation pour avantager indûment un soumissionnaire | (iii) modification de la pondération en cours d’analyse | (iv) non-respect du secret des offres et de la procédure (circulation d’informations confidentielles au profit d’un opérateur). • Trafic d’influence – appui frauduleux d’une offre par un élu, un supérieur hiérarchique, un membre de cabinet, faisant pression sur les acheteurs au stade de l’analyse des offres. • Prise illégale d'intérêts – participation d’un agent public à la décision d’attribution d’un marché alors qu’il entretient une relation amicale et/ou professionnelle avec le gérant de la société retenue. | E75: 5 | F75: 4 | G75: =E75*F75 -> 20 | H75: =D75*F75 -> 0 | I75: =((G75-H75)/G75) -> 1 | J75: =IF(D75="","Non évalué",(IF(I75=0,"Conforme",IF(I75>=0.9,"Critique",IF(I75>=0.6,"Majeur",IF(I75>=0.3,"Mineur","Négligeable")))))) -> Non évalué
A76: II.4.2 - Si la situation l’exige, possibilité d’anonymiser les offres avant communication aux services en charge de l’analyse. | E76: 5 | F76: 3 | G76: =E76*F76 -> 15 | H76: =D76*F76 -> 0 | I76: =((G76-H76)/G76) -> 1 | J76: =IF(D76="","Non évalué",(IF(I76=0,"Conforme",IF(I76>=0.9,"Critique",IF(I76>=0.6,"Majeur",IF(I76>=0.3,"Mineur","Négligeable")))))) -> Non évalué
A77: II.4.3 - Assurer la traçabilité de l’analyse des offres (notation, gestion des irrégularités, des offres anormalement basses, …). | E77: 5 | F77: 4 | G77: =E77*F77 -> 20 | H77: =D77*F77 -> 0 | I77: =((G77-H77)/G77) -> 1 | J77: =IF(D77="","Non évalué",(IF(I77=0,"Conforme",IF(I77>=0.9,"Critique",IF(I77>=0.6,"Majeur",IF(I77>=0.3,"Mineur","Négligeable")))))) -> Non évalué
A78: II.4.4 - Pour assurer le respect des délais de procédure, effectuer une synthèse des dates-clés dans le rapport d’analyse des offres. | E78: 5 | F78: 3 | G78: =E78*F78 -> 15 | H78: =D78*F78 -> 0 | I78: =((G78-H78)/G78) -> 1 | J78: =IF(D78="","Non évalué",(IF(I78=0,"Conforme",IF(I78>=0.9,"Critique",IF(I78>=0.6,"Majeur",IF(I78>=0.3,"Mineur","Négligeable")))))) -> Non évalué
A79: II.4.5 - Séparer l’analyse financière de l’analyse technique. | E79: 5 | F79: 4 | G79: =E79*F79 -> 20 | H79: =D79*F79 -> 0 | I79: =((G79-H79)/G79) -> 1 | J79: =IF(D79="","Non évalué",(IF(I79=0,"Conforme",IF(I79>=0.9,"Critique",IF(I79>=0.6,"Majeur",IF(I79>=0.3,"Mineur","Négligeable")))))) -> Non évalué
A80: II.4.6 - Encadrer la négociation lorsque la procédure l’autorise (traçabilité, non divulgation des offres concurrentes, gestion des informations communiquées et communicables, …) et vérifier qu'elle garantit la stricte égalité de traitement (délais de réponse équivalents, production d’un compte rendu de négociation, …). | E80: 5 | F80: 5 | G80: =E80*F80 -> 25 | H80: =D80*F80 -> 0 | I80: =((G80-H80)/G80) -> 1 | J80: =IF(D80="","Non évalué",(IF(I80=0,"Conforme",IF(I80>=0.9,"Critique",IF(I80>=0.6,"Majeur",IF(I80>=0.3,"Mineur","Négligeable")))))) -> Non évalué
A81: II.4.7 - Élaborer, pour chaque type de procédure, un document décrivant les phases de dépouillement et d’analyse des offres (ex : rapport d’analyse des offres). | E81: 5 | F81: 4 | G81: =E81*F81 -> 20 | H81: =D81*F81 -> 0 | I81: =((G81-H81)/G81) -> 1 | J81: =IF(D81="","Non évalué",(IF(I81=0,"Conforme",IF(I81>=0.9,"Critique",IF(I81>=0.6,"Majeur",IF(I81>=0.3,"Mineur","Négligeable")))))) -> Non évalué
A82: II.4.8 - Contrôler la présence du rapport de présentation lorsque la réglementation le prévoit. | E82: 5 | F82: 4 | G82: =E82*F82 -> 20 | H82: =D82*F82 -> 0 | I82: =((G82-H82)/G82) -> 1 | J82: =IF(D82="","Non évalué",(IF(I82=0,"Conforme",IF(I82>=0.9,"Critique",IF(I82>=0.6,"Majeur",IF(I82>=0.3,"Mineur","Négligeable")))))) -> Non évalué
A83: II.4.9 - Vérifier l’existence d’une échelle de notation, ainsi que de tableaux de critères pré-formatés (afin d’éviter leur adaptation a posteriori). | E83: 5 | F83: 4 | G83: =E83*F83 -> 20 | H83: =D83*F83 -> 0 | I83: =((G83-H83)/G83) -> 1 | J83: =IF(D83="","Non évalué",(IF(I83=0,"Conforme",IF(I83>=0.9,"Critique",IF(I83>=0.6,"Majeur",IF(I83>=0.3,"Mineur","Négligeable")))))) -> Non évalué
A84: II.4.10 - Vérifier la cohérence des prix grâce à des fiches pratiques sur l’analyse des offres anormalement basses (fiche DAJ, documents internes, …) : vérifier le respect des obligations réglementaires et la réalité de l’analyse qui est faite des justifications apportées par le soumissionnaire sur les prix. | E84: 5 | F84: 5 | G84: =E84*F84 -> 25 | H84: =D84*F84 -> 0 | I84: =((G84-H84)/G84) -> 1 | J84: =IF(D84="","Non évalué",(IF(I84=0,"Conforme",IF(I84>=0.9,"Critique",IF(I84>=0.6,"Majeur",IF(I84>=0.3,"Mineur","Négligeable")))))) -> Non évalué
A85: II.4.11 - Vérifier la cohérence des prix grâce à des études existantes ou réalisées par d'autres acheteurs (notes, fiches, guides pratiques, …) pour appréhender les prix du marché (surtout quand l’écart des prix est important entre les offres et/ou avec l’estimation de l’acheteur). | E85: 5 | F85: 2 | G85: =E85*F85 -> 10 | H85: =D85*F85 -> 0 | I85: =((G85-H85)/G85) -> 1 | J85: =IF(D85="","Non évalué",(IF(I85=0,"Conforme",IF(I85>=0.9,"Critique",IF(I85>=0.6,"Majeur",IF(I85>=0.3,"Mineur","Négligeable")))))) -> Non évalué
A86: ⑨ Attribution du marché public ou abandon de la procédure | B86: ⑨ Attribution du marché public ou abandon de la procédure | C86: ⑨ Attribution du marché public ou abandon de la procédure | D86: =SUM(D87:D93) -> 0 | E86: =SUM(E87:E93) -> 35 | F86: =SUM(F87:F93) -> 26 | G86: =E86*F86 -> 910 | H86: =D86*F86 -> 0 | I86: =((G86-H86)/G86) -> 1 | J86: =IF(_xlfn.CONCAT(D87:D93)="","Non évalué",(IF(I86=0,"Conforme",IF(I86>=0.9,"Critique",IF(I86>=0.6,"Majeur",IF(I86>=0.3,"Mineur","Négligeable")))))) -> Non évalué
A87: II.5.1 - Organiser la collégialité des décisions d’attribution et d’abandon des procédures. | C87: • Favoritisme – (i) déclaration sans suite abusive de la procédure, doublée de l’organisation d’une seconde consultation destinée à attribuer le marché à une entreprise ciblée | (ii) commission d’attribution favorisant un opérateur économique. | (iii) attribution du marché à un candidat dont l’offre est irrégulière, inacceptable, anormalement basse ou faisant l’objet d’un motif d’exclusion. | (iv) modification du classement figurant dans le rapport d’analyse des offres dans le but de privilégier un candidat. • Prise illégale d’intérêts – participation d’un élu à la commission d’appel d’offres (CAO) attribuant un marché public à une société dans laquelle il détient un intérêt (ex : gérant). | E87: 5 | F87: 5 | G87: =E87*F87 -> 25 | H87: =D87*F87 -> 0 | I87: =((G87-H87)/G87) -> 1 | J87: =IF(D87="","Non évalué",(IF(I87=0,"Conforme",IF(I87>=0.9,"Critique",IF(I87>=0.6,"Majeur",IF(I87>=0.3,"Mineur","Négligeable")))))) -> Non évalué
A88: II.5.2 - Tracer les décisions relatives à l’attribution et à l’abandon de procédure (PV, rapport reprenant les motifs de la déclaration sans suite, …). | E88: 5 | F88: 4 | G88: =E88*F88 -> 20 | H88: =D88*F88 -> 0 | I88: =((G88-H88)/G88) -> 1 | J88: =IF(D88="","Non évalué",(IF(I88=0,"Conforme",IF(I88>=0.9,"Critique",IF(I88>=0.6,"Majeur",IF(I88>=0.3,"Mineur","Négligeable")))))) -> Non évalué
A89: II.5.3 - Assurer la bonne information des instances décisionnelles (CAO, commission ad hoc, …) sur les consultations en cours. | E89: 5 | F89: 2 | G89: =E89*F89 -> 10 | H89: =D89*F89 -> 0 | I89: =((G89-H89)/G89) -> 1 | J89: =IF(D89="","Non évalué",(IF(I89=0,"Conforme",IF(I89>=0.9,"Critique",IF(I89>=0.6,"Majeur",IF(I89>=0.3,"Mineur","Négligeable")))))) -> Non évalué
A90: II.5.4 En cas de forte suspicion, possibilité de vérifier le casier judiciaire du candidat retenu (personnes physiques et morales). | E90: 5 | F90: 4 | G90: =E90*F90 -> 20 | H90: =D90*F90 -> 0 | I90: =((G90-H90)/G90) -> 1 | J90: =IF(D90="","Non évalué",(IF(I90=0,"Conforme",IF(I90>=0.9,"Critique",IF(I90>=0.6,"Majeur",IF(I90>=0.3,"Mineur","Négligeable")))))) -> Non évalué
A91: II.5.5 - Archivage et conservation des pièces : importance de pouvoir accéder aux offres des sociétés non retenues, aux documents d’analyse et aux décisions associées (commissions, …). | E91: 5 | F91: 4 | G91: =E91*F91 -> 20 | H91: =D91*F91 -> 0 | I91: =((G91-H91)/G91) -> 1 | J91: =IF(D91="","Non évalué",(IF(I91=0,"Conforme",IF(I91>=0.9,"Critique",IF(I91>=0.6,"Majeur",IF(I91>=0.3,"Mineur","Négligeable")))))) -> Non évalué
A92: II.5.6 - Dans les hypothèses où aucune commission d’attribution n’est instituée, vérifier la collégialité de la décision, la transmission des informations liées au choix de l’attributaire, la motivation des déclarations sans suite. | E92: 5 | F92: 2 | G92: =E92*F92 -> 10 | H92: =D92*F92 -> 0 | I92: =((G92-H92)/G92) -> 1 | J92: =IF(D92="","Non évalué",(IF(I92=0,"Conforme",IF(I92>=0.9,"Critique",IF(I92>=0.6,"Majeur",IF(I92>=0.3,"Mineur","Négligeable")))))) -> Non évalué
A93: II.5.7 - S’assurer de l’existence de mécanismes de contrôle pour vérifier le respect des délais légaux (choix de l’attributaire, notification, avis d’attribution de marché) ; vérification sur échantillon via le système d’information du respect des dates. | E93: 5 | F93: 5 | G93: =E93*F93 -> 25 | H93: =D93*F93 -> 0 | I93: =((G93-H93)/G93) -> 1 | J93: =IF(D93="","Non évalué",(IF(I93=0,"Conforme",IF(I93>=0.9,"Critique",IF(I93>=0.6,"Majeur",IF(I93>=0.3,"Mineur","Négligeable")))))) -> Non évalué
A94: ⑩ Mise au point et signature du marché | B94: ⑩ Mise au point et signature du marché | C94: ⑩ Mise au point et signature du marché | D94: =SUM(D95:D98) -> 0 | E94: =SUM(E95:E98) -> 20 | F94: =SUM(F95:F98) -> 11 | G94: =E94*F94 -> 220 | H94: =D94*F94 -> 0 | I94: =((G94-H94)/G94) -> 1 | J94: =IF(_xlfn.CONCAT(D95:D98)="","Non évalué",(IF(I94=0,"Conforme",IF(I94>=0.9,"Critique",IF(I94>=0.6,"Majeur",IF(I94>=0.3,"Mineur","Négligeable")))))) -> Non évalué
A95: II.6.1 - Assurer la traçabilité des échanges justifiant le recours à la mise au point. | C95: • Favoritisme – à l’occasion de la mise au point, modification des caractéristiques substantielles de l’offre ou du marché, qui donnerait lieu illégalement à une phase de négociation avec le candidat pressenti (impact sur le prix, la nature des prestations, conduisant à une modification substantielle de l’offre). • Prise illégale d’intérêts – situation du signataire du marché qui intervient pour la première fois dans le processus d’un achat et pour lequel les vérifications d’existence d’un conflit d’intérêts n’ont pas été effectuées. | E95: 5 | F95: 2 | G95: =E95*F95 -> 10 | H95: =D95*F95 -> 0 | I95: =((G95-H95)/G95) -> 1 | J95: =IF(D95="","Non évalué",(IF(I95=0,"Conforme",IF(I95>=0.9,"Critique",IF(I95>=0.6,"Majeur",IF(I95>=0.3,"Mineur","Négligeable")))))) -> Non évalué
A96: II.6.2 - Assurer la bonne information du signataire de la mise au point (objet, impact) et du marché public (transmission des éléments d’analyse, d’une fiche de synthèse de la procédure, …) ; contrôler la justification et la portée de la mise au point et le respect du circuit de signature (mise au point et marché public). | E96: 5 | F96: 2 | G96: =E96*F96 -> 10 | H96: =D96*F96 -> 0 | I96: =((G96-H96)/G96) -> 1 | J96: =IF(D96="","Non évalué",(IF(I96=0,"Conforme",IF(I96>=0.9,"Critique",IF(I96>=0.6,"Majeur",IF(I96>=0.3,"Mineur","Négligeable")))))) -> Non évalué
A97: II.6.3 - Assurer la transparence en interne en établissant périodiquement un compte rendu des marchés publics signés et contrôler le respect de la publication des données essentielles relatives aux marchés publics. | E97: 5 | F97: 3 | G97: =E97*F97 -> 15 | H97: =D97*F97 -> 0 | I97: =((G97-H97)/G97) -> 1 | J97: =IF(D97="","Non évalué",(IF(I97=0,"Conforme",IF(I97>=0.9,"Critique",IF(I97>=0.6,"Majeur",IF(I97>=0.3,"Mineur","Négligeable")))))) -> Non évalué
A98: II.6.4 - Vérifier régulièrement la validité des délégations de signature, leur pertinence et contrôler le respect du circuit de signature, de la publication des données essentielles relatives aux marchés publics ainsi que la justification et la portée de la mise au point. | E98: 5 | F98: 4 | G98: =E98*F98 -> 20 | H98: =D98*F98 -> 0 | I98: =((G98-H98)/G98) -> 1 | J98: =IF(D98="","Non évalué",(IF(I98=0,"Conforme",IF(I98>=0.9,"Critique",IF(I98>=0.6,"Majeur",IF(I98>=0.3,"Mineur","Négligeable")))))) -> Non évalué
A99: ⑪ Modification du marché public en cours d'exécution | B99: ⑪ Modification du marché public en cours d'exécution | C99: ⑪ Modification du marché public en cours d'exécution | D99: =SUM(D100:D102) -> 0 | E99: =SUM(E100:E102) -> 15 | F99: =SUM(F100:F102) -> 10 | G99: =E99*F99 -> 150 | H99: =D99*F99 -> 0 | I99: =((G99-H99)/G99) -> 1 | J99: =IF(_xlfn.CONCAT(D100:D102)="","Non évalué",(IF(I99=0,"Conforme",IF(I99>=0.9,"Critique",IF(I99>=0.6,"Majeur",IF(I99>=0.3,"Mineur","Négligeable")))))) -> Non évalué
A100: III.1.1 - Assurer la transparence, la collégialité des décisions de modifications. | C100: • Favoritisme – modifications substantielles des prestations du marché public au bénéfice du titulaire sans nouvelle mise en concurrence. • Prise illégale d’intérêts – sur la base d’un marché initial, réalisation de travaux supplémentaires par le titulaire à la demande et pour le compte d’un élu/d’un agent. | E100: 5 | F100: 2 | G100: =E100*F100 -> 10 | H100: =D100*F100 -> 0 | I100: =((G100-H100)/G100) -> 1 | J100: =IF(D100="","Non évalué",(IF(I100=0,"Conforme",IF(I100>=0.9,"Critique",IF(I100>=0.6,"Majeur",IF(I100>=0.3,"Mineur","Négligeable")))))) -> Non évalué
A101: III.1.2 - Mettre en oeuvre un mécanisme de contrôle et de validation des modifications, travaux, services supplémentaires (contrôle des éléments figurant au cahier des charges et dialogue sur l’opportunité, la portée, le montant, la justification, …). | E101: 5 | F101: 5 | G101: =E101*F101 -> 25 | H101: =D101*F101 -> 0 | I101: =((G101-H101)/G101) -> 1 | J101: =IF(D101="","Non évalué",(IF(I101=0,"Conforme",IF(I101>=0.9,"Critique",IF(I101>=0.6,"Majeur",IF(I101>=0.3,"Mineur","Négligeable")))))) -> Non évalué
A102: III.1.3 - Effectuer des contrôles entre la date d’émission d’ordres de service et la conclusion de l’avenant (notamment pour les avenants modifiant les dates de prestations, lesquels peuvent avoir un fort impact financier). | E102: 5 | F102: 3 | G102: =E102*F102 -> 15 | H102: =D102*F102 -> 0 | I102: =((G102-H102)/G102) -> 1 | J102: =IF(D102="","Non évalué",(IF(I102=0,"Conforme",IF(I102>=0.9,"Critique",IF(I102>=0.6,"Majeur",IF(I102>=0.3,"Mineur","Négligeable")))))) -> Non évalué
...

Sheet Résultats
B2: Niveau de risque des différentes étapes du cycle achat
B3: Non Évalué | C3: Conforme | D3: Négligeable | E3: Mineur | F3: Majeur | G3: Critique
B4: =CONCATENATE(IF('Auto diagnostic Cycle Achat'!J3="Non évalué",A11,""),IF('Auto diagnostic Cycle Achat'!J16="Non évalué",A12,""),IF('Auto diagnostic Cycle Achat'!J23="Non évalué",A13,""),IF('Auto diagnostic Cycle Achat'!J40="Non évalué",A14,""),IF('Auto diagnostic Cycle Achat'!J52="Non évalué",A15,""),IF('Auto diagnostic Cycle Achat'!J59="Non évalué",A16,""),IF('Auto diagnostic Cycle Achat'!J66="Non évalué",A17,""),IF('Auto diagnostic Cycle Achat'!J74="Non évalué",A18,""),IF('Auto diagnostic Cycle Achat'!J86="Non évalué",A19,""),IF('Auto diagnostic Cycle Achat'!J94="Non évalué",A20,""),IF('Auto diagnostic Cycle Achat'!J99="Non évalué",A21,""),IF('Auto diagnostic Cycle Achat'!J103="Non évalué",A22,""),IF('Auto diagnostic Cycle Achat'!J110="Non évalué",A23,""),IF('Auto diagnostic Cycle Achat'!J118="Non évalué",A24,""),IF('Auto diagnostic Cycle Achat'!J120="Non évalué",A25,"")) -> ①②③④⑤⑥⑦⑧⑨⑩⑪⑫⑬⑭⑮ | C4: =CONCATENATE(IF('Auto diagnostic Cycle Achat'!J3="Conforme",A11,""),IF('Auto diagnostic Cycle Achat'!J16="Conforme",A12,""),IF('Auto diagnostic Cycle Achat'!J23="Conforme",A13,""),IF('Auto diagnostic Cycle Achat'!J40="Conforme",A14,""),IF('Auto diagnostic Cycle Achat'!J52="Conforme",A15,""),IF('Auto diagnostic Cycle Achat'!J59="Conforme",A16,""),IF('Auto diagnostic Cycle Achat'!J66="Conforme",A17,""),IF('Auto diagnostic Cycle Achat'!J74="Conforme",A18,""),IF('Auto diagnostic Cycle Achat'!J86="Conforme",A19,""),IF('Auto diagnostic Cycle Achat'!J94="Conforme",A20,""),IF('Auto diagnostic Cycle Achat'!J99="Conforme",A21,""),IF('Auto diagnostic Cycle Achat'!J103="Conforme",A22,""),IF('Auto diagnostic Cycle Achat'!J110="Conforme",A23,""),IF('Auto diagnostic Cycle Achat'!J118="Conforme",A24,""),IF('Auto diagnostic Cycle Achat'!J120="Conforme",A25,"")) | D4: =CONCATENATE(IF('Auto diagnostic Cycle Achat'!J3="Négligeable",A11,""),IF('Auto diagnostic Cycle Achat'!J16="Négligeable",A12,""),IF('Auto diagnostic Cycle Achat'!J23="Négligeable",A13,""),IF('Auto diagnostic Cycle Achat'!J40="Négligeable",A14,""),IF('Auto diagnostic Cycle Achat'!J52="Négligeable",A15,""),IF('Auto diagnostic Cycle Achat'!J59="Négligeable",A16,""),IF('Auto diagnostic Cycle Achat'!J66="Négligeable",A17,""),IF('Auto diagnostic Cycle Achat'!J74="Négligeable",A18,""),IF('Auto diagnostic Cycle Achat'!J86="Négligeable",A19,""),IF('Auto diagnostic Cycle Achat'!J94="Négligeable",A20,""),IF('Auto diagnostic Cycle Achat'!J99="Négligeable",A21,""),IF('Auto diagnostic Cycle Achat'!J103="Négligeable",A22,""),IF('Auto diagnostic Cycle Achat'!J110="Négligeable",A23,""),IF('Auto diagnostic Cycle Achat'!J118="Négligeable",A24,""),IF('Auto diagnostic Cycle Achat'!J120="Négligeable",A25,"")) | E4: =CONCATENATE(IF('Auto diagnostic Cycle Achat'!J3="Mineur",A11,""),IF('Auto diagnostic Cycle Achat'!J16="Mineur",A12,""),IF('Auto diagnostic Cycle Achat'!J23="Mineur",A13,""),IF('Auto diagnostic Cycle Achat'!J40="Mineur",A14,""),IF('Auto diagnostic Cycle Achat'!J52="Mineur",A15,""),IF('Auto diagnostic Cycle Achat'!J59="Mineur",A16,""),IF('Auto diagnostic Cycle Achat'!J66="Mineur",A17,""),IF('Auto diagnostic Cycle Achat'!J74="Mineur",A18,""),IF('Auto diagnostic Cycle Achat'!J86="Mineur",A19,""),IF('Auto diagnostic Cycle Achat'!J94="Mineur",A20,""),IF('Auto diagnostic Cycle Achat'!J99="Mineur",A21,""),IF('Auto diagnostic Cycle Achat'!J103="Mineur",A22,""),IF('Auto diagnostic Cycle Achat'!J110="Mineur",A23,""),IF('Auto diagnostic Cycle Achat'!J118="Mineur",A24,""),IF('Auto diagnostic Cycle Achat'!J120="Mineur",A25,"")) | F4: =CONCATENATE(IF('Auto diagnostic Cycle Achat'!J3="Majeur",A11,""),IF('Auto diagnostic Cycle Achat'!J16="Majeur",A12,""),IF('Auto diagnostic Cycle Achat'!J23="Majeur",A13,""),IF('Auto diagnostic Cycle Achat'!J40="Majeur",A14,""),IF('Auto diagnostic Cycle Achat'!J52="Majeur",A15,""),IF('Auto diagnostic Cycle Achat'!J59="Majeur",A16,""),IF('Auto diagnostic Cycle Achat'!J66="Majeur",A17,""),IF('Auto diagnostic Cycle Achat'!J74="Majeur",A18,""),IF('Auto diagnostic Cycle Achat'!J86="Majeur",A19,""),IF('Auto diagnostic Cycle Achat'!J94="Majeur",A20,""),IF('Auto diagnostic Cycle Achat'!J99="Majeur",A21,""),IF('Auto diagnostic Cycle Achat'!J103="Majeur",A22,""),IF('Auto diagnostic Cycle Achat'!J110="Majeur",A23,""),IF('Auto diagnostic Cycle Achat'!J118="Majeur",A24,""),IF('Auto diagnostic Cycle Achat'!J120="Majeur",A25,"")) | G4: =CONCATENATE(IF('Auto diagnostic Cycle Achat'!J3="Critique",A11,""),IF('Auto diagnostic Cycle Achat'!J16="Critique",A12,""),IF('Auto diagnostic Cycle Achat'!J23="Critique",A13,""),IF('Auto diagnostic Cycle Achat'!J40="Critique",A14,""),IF('Auto diagnostic Cycle Achat'!J52="Critique",A15,""),IF('Auto diagnostic Cycle Achat'!J59="Critique",A16,""),IF('Auto diagnostic Cycle Achat'!J66="Critique",A17,""),IF('Auto diagnostic Cycle Achat'!J74="Critique",A18,""),IF('Auto diagnostic Cycle Achat'!J86="Critique",A19,""),IF('Auto diagnostic Cycle Achat'!J94="Critique",A20,""),IF('Auto diagnostic Cycle Achat'!J99="Critique",A21,""),IF('Auto diagnostic Cycle Achat'!J103="Critique",A22,""),IF('Auto diagnostic Cycle Achat'!J110="Critique",A23,""),IF('Auto diagnostic Cycle Achat'!J118="Critique",A24,""),IF('Auto diagnostic Cycle Achat'!J120="Critique",A25,""))
A10: Légende | B10: Etapes du cycle achat
A11: ① | B11: Sourcing
A12: ② | B12: Détermination du besoin
A13: ③ | B13: Détermination de la procédure
A14: ④ | B14: Contenu des pièces administratives, techniques et financières
A15: ⑤ | B15: Mesures de publicité et de remise des plis
A16: ⑥ | B16: Communication et échanges durant la phase de passation
A17: ⑦ | B17: Analyse des candidatures
A18: ⑧ | B18: Analyse des offres
A19: ⑨ | B19: Attribution du marché public ou abandon de la procédure
A20: ⑩ | B20: Mise au point et signature du marché
A21: ⑪ | B21: Modification du marché public en cours d'exécution
... A25: ⑮ | B25: Bilan d’exécution (physique et financier)
A28: Taux de complétude
A29: =(110-(COUNTIF('Auto diagnostic Cycle Achat'!J4:J15,"Non évalué")+COUNTIF('Auto diagnostic Cycle Achat'!J17:J22,"Non évalué")+COUNTIF('Auto diagnostic Cycle Achat'!J24:J38,"Non évalué")+COUNTIF('Auto diagnostic Cycle Achat'!J41:J51,"Non évalué")+COUNTIF('Auto diagnostic Cycle Achat'!J53:J58,"Non évalué")+COUNTIF('Auto diagnostic Cycle Achat'!J60:J65,"Non évalué")+COUNTIF('Auto diagnostic Cycle Achat'!J67:J73,"Non évalué")+COUNTIF('Auto diagnostic Cycle Achat'!J75:J85,"Non évalué")+COUNTIF('Auto diagnostic Cycle Achat'!J87:J93,"Non évalué")+COUNTIF('Auto diagnostic Cycle Achat'!J95:J98,"Non évalué")+COUNTIF('Auto diagnostic Cycle Achat'!J100:J102,"Non évalué")+COUNTIF('Auto diagnostic Cycle Achat'!J104:J109,"Non évalué")+COUNTIF('Auto diagnostic Cycle Achat'!J111:J117,"Non évalué")+COUNTIF('Auto diagnostic Cycle Achat'!J119:J119,"Non évalué")+COUNTIF('Auto diagnostic Cycle Achat'!J121:J127,"Non évalué")))/110 -> 0.0090909091

Sheet Méthodologie
B2: Méthodologie de réalisation de l'auto- diagnostic anticorruption du cycle "Achat"
B3: L'autodiagnostic vise à établir l'écart entre les pratiques ministérielles d'une direction, d'un service ou d'un bureau et celles du référentiel ministériel anticorruption pour le cycle "Achat", décliné du guide de l'achat public de l'agence Française anticorruption (AFA) (https://www.economie.gouv.fr/files/files/directions_services/dae/doc/Guide_maitrise_risque_corruption.pdf) Cet autodiagnostic vise le ciblage et la priorisation d'éventuelles mesures de remédiation à mettre en place conformément aux bonnes pratiques définies par l'AFA pour couvrir les risques d'atteinte à la probité susceptibles d'être rencontrés par les acteurs intervenant dans la procédure et la chaîne de traitement des achats publics à tous les niveaux. Il appartient à chaque direction, service ou bureau, de désigner, dans la colonne adéquate, le responsable de la mise en oeuvre de l'élément du référentiel. Il ne doit pas s'agir d'une personne identifiée nommément mais d'un poste ou d'un type de poste, qui peut comporter des responsabilités managériales ou pas. Ce responsable doit alors déterminer, en toute objectivité, le niveau d'intégration de l'élément du référentiel dans les processus métiers sur une échelle de 1 à 5 dont le niveau est déterminé suivant les critères définis dans la grille ci-dessous. Chaque élément du référentiel génère une note, pondérée selon un coefficient préétabli qui reflète l'importance relative du critère par rapport aux autres. Cette note est ensuite comparée à la note maximale théorique, ce qui détermine la taille de l'écart, qui est classé en 5 catégories : Conforme, Négligeable, Mineur, Majeur et Critique. Il est également possible de ne pas évaluer certains éléments en laissant la case dédiée à l'autoévaluation vide. Il est toutefois fortement recommandé de ne pas laisser des éléments non évalués au milieu d'éléments évalués dans un même bloc de processus, sinon les résultats seraient difficiles voire impossible à analyser. Enfin, les résultats sont affichés dans l'onglet dédié, par bloc de processus, sous une forme simplifiée qui permet une analyse rapide du niveau de conformité aux éléments du référentiel. Le taux de complétude de l'autodiagnostic est également renseigné. De manière pragmatique, l'entité chargée de remplir l'autodiagnostic doit renseigner les colonnes B (personne ou bureau/service chargée de la tâche décrite en colonne A) et D (cotation du niveau d'intégration de la bonne pratique, à sélectionner dans une liste de 1 à 5).
B5: Grille de cotation des écarts vis-à-vis des recommendations
B6: L'écart par rapport à une implémentation maximale des recommendation est divisé en 5 catégories suivant la grille ci-dessous :
B7: Conforme | C7: L'écart à la bonne pratique est nul.
B8: Négligeable | C8: L'écart à la bonne pratique est inférieur ou égal à 30 %.
B9: Mineur | C9: L'écart à la bonne pratique est supérieur à 30 % et inférieur à 60 %.
B10: Majeur | C10: L'écart à la bonne pratique est supérieur ou égal à 60 % et inférieur à 90 %.
B11: Critique | C11: L'écart à la bonne pratique est supérieur ou égal à 90 %.
B13: Grille de cotation de la pondération
B14: La grille de pondération des critères permet de différentier les différentes bonnes pratiques en fonction de leur importance dans l'évaluation des risques d'atteinte à la probité. Cela permet d'agréger l'ensemble des critères au sein d'une même étape et d'apporter une vision réaliste des exigences à avoir sur cette étape. Cette grille n'a pas vocation à être aménagée.
B15: 5 | C15: La bonne pratique est une démarche indispensable pour limiter les risques d'atteinte à la probité.
B16: 4 | C16: La bonne pratique est une démarche nécessaire à la limitation des risques d'atteinte à la probité
B17: 3 | C17: La bonne pratique est une démarche importante dans le dispositif de limitation des risques d'atteinte à la probité
B18: 2 | C18: La bonne pratique est secondaire dans le dispositif de limitation du risque d'atteinte à la probité
B19: 1 | C19: La bonne pratique n'est pas indispensable mais elle constitue une réassurance que les risques sont bien gérés.
